[Event "Titled Tuesday Blitz January 17 Late 2023"]
[White "Khandelwal, Ankush"]
[Black "Slavin, Alexey"]
[WhiteFideId "413470"]
[BlackFideId "24104388"]
[WhiteElo "2205"]
[BlackElo "2364"]
[Result "1-0"]
[Round "10"]
[TimeControl "180+2"]
[Date "2023.01.17"]
[WhiteClock "0:00:12"]
[BlackClock "0:00:16"]

1. e4 Nc6 2. Nf3 d6 3. d4 Nf6 4. d5 Ne5 5. Nxe5 dxe5 6. Nc3 a6 7. Be2 e6 8. a3 Be7 9. O-O O-O 10. Be3 h6 11. Kh1 b5 12. f4 exf4 13. Bxf4 exd5 14. exd5 Bb7 15. Bf3 Bd6 16. Qd4 Re8 17. Rad1 Qd7 18. Bxh6 Be5 19. Qh4 gxh6 20. Qxh6 Nh7 21. Be4 f5 22. Bxf5 Qg7 23. Qh5 Nf6 24. Qh4 Bc8 25. Rd3 Bxf5 26. Rxf5 Bxc3 27. Rxc3 Re4 28. Qf2 Rae8 29. h3 Nh5 30. Rxh5 Qf7 31. Rg3+ Kf8 32. Rf5 Re3 33. Rxf7# 1-0


[Site "https://www.chess.com"]

[Event "Titled Tuesday Blitz January 17 Late 2023"]
[White "Fishbein, Mitch"]
[Black "Mesa Cruz, Juan Carlos"]
[WhiteFideId "30922917"]
[BlackFideId "6423400"]
[WhiteElo "2120"]
[BlackElo "2122"]
[Result "1-0"]
[Round "10"]
[TimeControl "180+2"]
[Date "2023.01.17"]
[WhiteClock "0:00:06"]
[BlackClock "0:00:02"]

1. d4 Nf6 2. c4 e6 3. Nc3 Bb4 4. Qc2 c5 5. dxc5 O-O 6. Nf3 Na6 7. g3 Nxc5 8. Bg2 Nce4 9. O-O Nxc3 10. bxc3 Be7 11. e4 d6 12. e5 dxe5 13. Nxe5 Qc7 14. Qe2 Nd7 15. Bf4 Nxe5 16. Bxe5 Bd6 17. Rfe1 Bxe5 18. Qxe5 Qxe5 19. Rxe5 Rd8 20. Ra5 Rd3 21. c5 Rxc3 22. Rd1 Kf8 23. Rd8+ Ke7 24. Rg8 e5 25. h4 g6 26. Bh3 b6 27. cxb6 Rc1+ 28. Kh2 Bb7 29. Bg2 Rxg8 30. Rxa7 Rb8 31. Bxb7 Kd6 32. a4 Kc5 33. a5 Ra1 34. Bg2 Kb4 35. Rxf7 Rxa5 36. b7 Ra2 37. Be4 Kc3 38. Kg2 Kd4 39. Bc6 Ra6 40. Rc7 Rb6 41. Rc8 R6xb7 42. Bxb7 Rxb7 43. Rd8+ Ke4 44. Ra8 Rf7 45. Ra4+ Kf5 46. Kf3 Ke6+ 47. Ke4 Rb7 48. Ra6+ Kf7 49. Kxe5 Rb5+ 50. Kf4 Rb4+ 51. Kf3 Rb3+ 52. Kg4 Rb4+ 53. f4 Rb5 54. Ra7+ Kg8 55. Re7 Rc5 56. Re5 Rc3 57. Re7 Rc5 58. Kh3 Rc3 59. h5 gxh5 60. Kh4 Rc5 61. Rd7 Rb5 62. Rc7 Ra5 63. Re7 Rb5 64. Re5 Rb3 65. Rg5+ Kf8 66. Kxh5 1-0


[Site "https://www.chess.com"]

[Event "Titled Tuesday Blitz January 17 Late 2023"]
[White "Rios Escobar, Adan"]
[Black "Sanchez, Robert"]
[WhiteFideId "3403645"]
[BlackFideId "2034360"]
[WhiteElo "2234"]
[BlackElo "1966"]
[Result "1-0"]
[Round "10"]
[TimeControl "180+2"]
[Date "2023.01.17"]
[WhiteClock "0:00:39"]
[BlackClock "0:00:07"]

1. d4 Nf6 2. g3 e6 3. c4 d5 4. Nf3 Be7 5. Bg2 c6 6. O-O O-O 7. Qc2 Nbd7 8. Nbd2 c5 9. cxd5 exd5 10. a3 cxd4 11. Nxd4 Nc5 12. b4 Nce4 13. Bb2 Nxd2 14. Qxd2 Ne4 15. Qd3 Ng5 16. h4 Ne4 17. Rfd1 f5 18. e3 Bf6 19. Rac1 Bd7 20. Qb3 Qe8 21. Qxd5+ Kh8 22. Qxb7 Ba4 23. Re1 Qh5 24. Ba1 Rae8 25. Qxa7 Ra8 26. Qc7 Nd2 27. Ne6 Rf7 28. Qc8+ 1-0


[Site "https://www.chess.com"]

[Event "Titled Tuesday Blitz January 17 Late 2023"]
[White "Castellanos Hernandez, Emilio Au"]
[Black "Mosquera, Miguel"]
[WhiteFideId "5114179"]
[BlackFideId "4401131"]
[WhiteElo "1964"]
[BlackElo "2371"]
[Result "1-0"]
[Round "10"]
[TimeControl "180+2"]
[Date "2023.01.17"]
[WhiteClock "0:00:21"]
[BlackClock "0:00:05"]

1. d4 d5 2. Bf4 e6 3. e3 Bd6 4. Nf3 Nf6 5. Nbd2 Bxf4 6. exf4 b6 7. c3 c6 8. Ne5 Qc7 9. h4 h5 10. Rc1 a5 11. Qf3 Nbd7 12. Bd3 Ba6 13. O-O Bxd3 14. Nxd3 O-O 15. Rce1 Ng4 16. g3 c5 17. Ne5 Ndf6 18. f5 cxd4 19. cxd4 Qc2 20. fxe6 fxe6 21. Qd3 Rac8 22. Ndf3 Ne4 23. Ng5 Nxg5 24. hxg5 Rxf2 25. Qxc2 Rcxc2 26. Nxg4 Rg2+ 27. Kh1 hxg4 28. Rf4 Rh2+ 29. Kg1 Rhg2+ 30. Kh1 Rh2+ 31. Kg1 Rcg2+ 32. Kf1 Rxg3 33. Rxe6 Rd3 34. Kg1 Rc2 35. g6 Rd1+ 36. Rf1 Rxf1+ 37. Kxf1 Kf8 38. Rxb6 Rc1+ 39. Kg2 Rd1 40. Rb5 Rxd4 41. Rxa5 Ke7 42. Ra6 Rd2+ 43. Kg3 Rd4 44. Rb6 Kd7 45. Rb7+ Ke6 46. Rxg7 Kf6 47. Rf7+ Kxg6 48. Rf4 Rxf4 49. Kxf4 Kh5 50. a4 Kh4 51. a5 g3 52. a6 g2 53. a7 g1=Q 54. a8=Q Qg3+ 55. Kf5 Qg6+ 56. Kxg6 1-0


[Site "https://www.chess.com"]

[Event "Titled Tuesday Blitz January 17 Late 2023"]
[White "Abdyzhaparov, Aidar"]
[Black "O`Gorman, Tom"]
[WhiteFideId "13800361"]
[BlackFideId "2508249"]
[WhiteElo "1978"]
[BlackElo "2355"]
[Result "0-1"]
[Round "10"]
[TimeControl "180+2"]
[Date "2023.01.17"]
[WhiteClock "0:00:01"]
[BlackClock "0:00:12"]

1. Nf3 Nf6 2. c4 b6 3. g3 Bb7 4. Bg2 e6 5. O-O Be7 6. Nc3 O-O 7. Re1 Ne4 8. Nxe4 Bxe4 9. d3 Bb7 10. e4 d6 11. d4 Nd7 12. b3 e5 13. Bb2 exd4 14. Nxd4 Bf6 15. Qd2 g6 16. Rad1 Re8 17. Qh6 Nc5 18. Ba1 Bg5 19. Qh3 Bc8 20. g4 Bb7 21. e5 Bxg2 22. Qxg2 Rxe5 23. Nc6 Rxe1+ 24. Rxe1 Qf8 25. f4 Bh4 26. Re3 Re8 27. Qb2 f6 28. Qe2 Rxe3 29. Qxe3 Kf7 30. Qh3 Qh6 31. g5 Bxg5 32. Qc8 Bxf4 33. Qxc7+ Ke6 34. Qc8+ Kf7 35. Qc7+ Kg8 36. Ne7+ Kf8 37. Qd8+ Kf7 38. Nd5 Qxh2+ 39. Kf1 Qh1+ 40. Ke2 Qe4+ 41. Kf1 Qf3+ 42. Kg1 Qd1+ 43. Kg2 Qd2+ 44. Kf3 Qd1+ 0-1


[Site "https://www.chess.com"]

[Event "Titled Tuesday Blitz January 17 Late 2023"]
[White "Defend, Balint"]
[Black "Romero Ruscalleda, Josep"]
[WhiteFideId "17004853"]
[BlackFideId "2231859"]
[WhiteElo "1673"]
[BlackElo "2160"]
[Result "1-0"]
[Round "10"]
[TimeControl "180+2"]
[Date "2023.01.17"]
[WhiteClock "0:01:40"]
[BlackClock "0:01:35"]

1. e4 g6 2. d4 Bg7 3. Bc4 d6 4. Nf3 e6 5. Bb3 Ne7 6. O-O O-O 7. h4 Nbc6 8. h5 Na5 9. Bg5 Nxb3 10. axb3 b6 11. Qd2 Bb7 12. Nc3 f6 13. Bh6 f5 14. Bxg7 Kxg7 15. Ng5 Qd7 16. d5 exd5 17. exd5 Rf6 18. Qd4 Ng8 19. Ne6+ Kh6 20. Qf4+ g5 21. Qxg5# 1-0


[Site "https://www.chess.com"]

[Event "Titled Tuesday Blitz January 17 Late 2023"]
[White "Pace, Christopher"]
[Black "Carbone, Diego"]
[WhiteFideId "2610167"]
[BlackFideId "3002179"]
[WhiteElo "2053"]
[BlackElo "2336"]
[Result "1-0"]
[Round "10"]
[TimeControl "180+2"]
[Date "2023.01.17"]
[WhiteClock "0:00:39"]
[BlackClock "0:00:07"]

1. d4 Nf6 2. c4 g6 3. g3 Bg7 4. Bg2 O-O 5. Nc3 d6 6. e4 Nc6 7. Nge2 e5 8. d5 Na5 9. Qd3 c5 10. O-O a6 11. Bd2 b5 12. b3 Rb8 13. Rab1 Bg4 14. h3 Bd7 15. Kh2 Qc7 16. f4 exf4 17. gxf4 bxc4 18. bxc4 Rb4 19. e5 Nh5 20. Ne4 dxe5 21. Bxb4 cxb4 22. d6 Qxc4 23. Qxc4 Nxc4 24. Rxb4 Ne3 25. Rc1 exf4 26. Bf3 Be5 27. Rc5 f6 28. Rb7 Nf1+ 29. Kg1 Bxh3 30. Rcc7 Rd8 31. Nf2 Nfg3 32. Bd5+ Kf8 33. Rf7+ Kg8 34. Rxh7+ Kf8 35. Rh8# 1-0


[Site "https://www.chess.com"]

[Event "Titled Tuesday Blitz January 17 Late 2023"]
[White "Belenkaya, Dina"]
[Black "Quinones Garcia, Santiago"]
[WhiteFideId "24142654"]
[BlackFideId "4408497"]
[WhiteElo "2267"]
[BlackElo "2248"]
[Result "1-0"]
[Round "10"]
[TimeControl "180+2"]
[Date "2023.01.17"]
[WhiteClock "0:00:39"]
[BlackClock "0:00:11"]

1. Nf3 d5 2. g3 c6 3. Bg2 Bg4 4. d3 Nf6 5. Nbd2 Nbd7 6. h3 Bf5 7. O-O e5 8. Re1 Bd6 9. e4 Bg6 10. Nh4 O-O 11. Nf5 Bc7 12. g4 h6 13. Nf3 dxe4 14. dxe4 Nc5 15. Qxd8 Raxd8 16. N3h4 Rd7 17. f3 Rfd8 18. Be3 Ne6 19. Bf1 a6 20. Bc4 Kh7 21. Kf2 Nf4 22. Kg3 b5 23. Bb3 Rd2 24. Bxd2 Rxd2 25. Rad1 Bxf5 26. Rxd2 Bc8 27. Bxf7 g5 28. Nf5 Bxf5 29. gxf5 Kg7 30. Be6 Bb6 31. Bd7 c5 32. Rd6 Ba5 33. c3 b4 34. Rxa6 bxc3 35. Rxa5 Nd3 36. Rg1 c2 37. Ra7 Nh5+ 38. Kh2 Kf6 39. Be8 1-0


[Site "https://www.chess.com"]

[Event "Titled Tuesday Blitz January 17 Late 2023"]
[White "Liu, Kelsey"]
[Black "Remolar Gallen, Jose"]
[WhiteFideId "30944481"]
[BlackFideId "2215187"]
[WhiteElo "2065"]
[BlackElo "2285"]
[Result "0-1"]
[Round "10"]
[TimeControl "180+2"]
[Date "2023.01.17"]
[WhiteClock "0:00:02"]
[BlackClock "0:00:20"]

1. e4 d6 2. d4 Nf6 3. Nc3 g6 4. Nf3 c6 5. Bf4 Bg7 6. Bd3 O-O 7. Qd2 b5 8. h4 b4 9. Ne2 Bg4 10. Nh2 Bxe2 11. Qxe2 Qb6 12. Be3 Nbd7 13. g4 c5 14. dxc5 Nxc5 15. h5 Qc6 16. hxg6 hxg6 17. f3 Rac8 18. g5 Nh5 19. Qg2 Nxd3+ 20. cxd3 Qc2 21. Bd2 Qxd3 22. Ng4 Rc2 23. Rd1 Rfc8 24. Rxh5 gxh5 25. Nf6+ Kf8 26. Nxh5 Bxb2 27. g6 Bc3 28. g7+ Kg8 29. Nf6+ exf6 0-1


[Site "https://www.chess.com"]

[Event "Titled Tuesday Blitz January 17 Late 2023"]
[White "Herbst, Richard"]
[Black "Qiao, Cindy"]
[WhiteFideId "2041251"]
[BlackFideId "2620243"]
[WhiteElo "2120"]
[BlackElo "1785"]
[Result "1-0"]
[Round "10"]
[TimeControl "180+2"]
[Date "2023.01.17"]
[WhiteClock "0:00:08"]
[BlackClock "0:00:13"]

1. e4 c5 2. Nf3 d6 3. d4 cxd4 4. Nxd4 Nf6 5. Nc3 g6 6. Be3 Bg7 7. f3 Nc6 8. Qd2 O-O 9. O-O-O d5 10. exd5 Nxd5 11. Nxc6 bxc6 12. Bd4 e5 13. Bc5 Be6 14. Ne4 Re8 15. h4 Rb8 16. g4 Qc7 17. Bc4 Red8 18. Qf2 a5 19. Bb3 a4 20. Bxa4 Qa5 21. Bb3 Rxb3 22. cxb3 Qxa2 23. Qc2 Qa1+ 24. Qb1 Qa5 25. b4 Qb5 26. Qd3 Qa4 27. Qa3 Qb5 28. Kb1 f5 29. gxf5 Bxf5 30. Qd3 Qb7 31. Qc4 Ra8 32. Rd3 Kh8 33. Ra3 Rd8 34. Ra7 Qc8 35. h5 Qe6 36. hxg6 Qxg6 37. Rg1 Qh6 38. Rgxg7 Qxg7 39. Rxg7 Kxg7 40. Kc1 Nf4 41. Nd6 Rd7 42. Nxf5+ Kf6 43. Nd6 Nd5 44. Qh4+ Ke6 45. Qh6+ Nf6 46. Ne4 Rf7 47. Ng5+ Kf5 48. Nxf7 Ng4 49. fxg4+ 1-0


[Site "https://www.chess.com"]

[Event "Titled Tuesday Blitz January 17 Late 2023"]
[White "Cueto, Jonny"]
[Black "Melikhov, Evgeny V."]
[WhiteFideId "3300145"]
[BlackFideId "4122046"]
[WhiteElo "2122"]
[BlackElo "2269"]
[Result "0-1"]
[Round "10"]
[TimeControl "180+2"]
[Date "2023.01.17"]
[WhiteClock "0:00:01"]
[BlackClock "0:00:18"]

1. d4 Nf6 2. Bf4 d5 3. e3 c5 4. Nf3 Nc6 5. Nbd2 cxd4 6. exd4 Bf5 7. c3 e6 8. Be2 Bd6 9. Bg3 h6 10. O-O Bxg3 11. hxg3 O-O 12. Re1 Qc7 13. Nb3 Ne4 14. Nfd2 Nd6 15. Nf3 b6 16. Bd3 Bxd3 17. Qxd3 Ne4 18. Nbd2 Nxd2 19. Qxd2 b5 20. Ne5 Nxe5 21. Rxe5 a5 22. a4 b4 23. cxb4 axb4 24. Qxb4 Rfb8 25. Qd2 Qc4 26. a5 Rb4 27. Re3 Qb5 28. a6 Rxb2 29. Qa5 Rb1+ 30. Kh2 Qxa5 31. Rxa5 Ra7 32. Rc3 Rb4 33. Rc8+ Kh7 34. Re8 Rb6 35. Rc5 Rbxa6 36. Rcc8 Ra4 37. Rh8+ Kg6 38. Rhg8 Rxd4 39. Rcf8 Rd2 40. f3 Raa2 41. Kh3 Rxg2 42. Rb8 h5 43. Kh4 Rh2# 0-1


[Site "https://www.chess.com"]

[Event "Titled Tuesday Blitz January 17 Late 2023"]
[White "Stachanczyk, Jacek"]
[Black "Rose, Felix"]
[WhiteFideId "1116657"]
[BlackFideId "5105722"]
[WhiteElo "2147"]
[BlackElo "2091"]
[Result "0-1"]
[Round "10"]
[TimeControl "180+2"]
[Date "2023.01.17"]
[WhiteClock "0:00:02"]
[BlackClock "0:00:10"]

1. e4 e5 2. Nf3 Nc6 3. Bb5 a6 4. Ba4 Nf6 5. O-O Be7 6. Re1 b5 7. Bb3 d6 8. c3 O-O 9. h3 Nb8 10. d4 Nbd7 11. Nbd2 Bb7 12. Bc2 Re8 13. Nf1 Bf8 14. Ng3 g6 15. Bg5 h6 16. Bd2 Bg7 17. Qc1 h5 18. Bg5 a5 19. a4 b4 20. d5 bxc3 21. bxc3 c6 22. dxc6 Bxc6 23. Rd1 Qc7 24. Bh6 Nc5 25. Bxg7 Kxg7 26. Qg5 Ncxe4 27. Nf5+ Kg8 28. Qh6 gxf5 29. Bxe4 Nxe4 30. Qxh5 Qd7 31. Rd3 Qe6 32. Ng5 Qg6 33. Nxe4 Bxe4 34. Rg3 Qxg3 35. fxg3 Rab8 36. Rd1 Rb6 37. Qh6 Re6 38. Qg5+ Kh7 39. Rd2 Rg6 40. Qd8 Rb3 41. Qxa5 Rxg3 42. Kh2 Rg6 43. Qc7 Kg7 44. a5 Ra3 45. Qb6 f4 46. Qb4 Ra1 47. Qb2 Rxa5 48. c4 f3 49. gxf3 Bxf3 0-1


[Site "https://www.chess.com"]

[Event "Titled Tuesday Blitz January 17 Late 2023"]
[White "Almedina Ortiz, Edgardo J."]
[Black "Vasques, Antonio Pedro Freixial"]
[WhiteFideId "3100197"]
[BlackFideId "1908332"]
[WhiteElo "2156"]
[BlackElo "2214"]
[Result "1-0"]
[Round "10"]
[TimeControl "180+2"]
[Date "2023.01.17"]
[WhiteClock "0:00:39"]
[BlackClock "0:00:51"]

1. Nf3 Nf6 2. c4 g6 3. Nc3 Bg7 4. e4 d6 5. d4 O-O 6. Be2 Na6 7. O-O e5 8. d5 Nc5 9. Qc2 a5 10. Ne1 c6 11. Nd3 Ncxe4 12. Nxe4 Nxe4 13. dxc6 bxc6 14. Bf3 d5 15. Bxe4 dxe4 16. Nc5 Bf5 17. Be3 Qh4 18. Rfd1 Rfd8 19. Nb7 Rxd1+ 20. Rxd1 Bf8 21. Qa4 Qg4 22. h3 Qe2 23. Rd8 Rxd8 24. Nxd8 Be6 25. Nxe6 fxe6 26. Qxc6 Qxb2 27. Qxe6+ Kg7 28. c5 Bxc5 29. Qd7+ Kf8 1-0


[Site "https://www.chess.com"]

[Event "Titled Tuesday Blitz January 17 Late 2023"]
[White "Rian, Kapriaga"]
[Black "Mendez Machado, Andre"]
[WhiteFideId "7103263"]
[BlackFideId "6603793"]
[WhiteElo "2089"]
[BlackElo "1974"]
[Result "1-0"]
[Round "10"]
[TimeControl "180+2"]
[Date "2023.01.17"]
[WhiteClock "0:00:02"]
[BlackClock "0:00:08"]

1. d4 Nf6 2. Nf3 e6 3. Bf4 d5 4. e3 Bd6 5. Ne5 O-O 6. Nd2 c5 7. c3 Qc7 8. Bd3 Nbd7 9. Ndf3 Ne4 10. O-O f6 11. Nxd7 Bxd7 12. Bxd6 Qxd6 13. Bxe4 dxe4 14. dxc5 Qe7 15. Nd2 f5 16. b4 a5 17. a3 e5 18. Qc2 Be6 19. Rfd1 Kh8 20. Nb3 a4 21. Nd2 Qg5 22. c4 Rf6 23. Nf1 Rg6 24. g3 h5 25. Rd6 h4 26. Rad1 h3 27. Qe2 Rf8 28. Nd2 Rgf6 29. b5 Bf7 30. Rxf6 gxf6 31. Qf1 Qg4 32. f3 exf3 33. Qxf3 Rc8 34. Qxg4 fxg4 35. Ne4 Bxc4 36. Nd6 Rxc5 37. Rc1 Rxb5 38. Nxb5 Bxb5 39. Rc7 Bc6 40. Kf2 Kg8 41. Ke1 Kf8 42. Kd2 Ke8 43. Kc3 Kd8 44. Rg7 Bf3 45. Kd3 f5 46. Kc3 Kc8 47. Kb4 Bc6 48. Kc5 Kb8 49. Kb6 Kc8 50. Kc5 Kb8 51. Kd6 Ka7 52. Kxe5 Be4 53. Kd4 Ka6 54. Kc5 Ka5 55. Rg6 b5 56. Rb6 Bf3 57. Rxb5+ Ka6 58. Rb6+ Ka5 59. Rf6 Be4 60. Rf8 Ka6 61. Rf7 Ka5 62. Ra7# 1-0


[Site "https://www.chess.com"]

[Event "Titled Tuesday Blitz January 17 Late 2023"]
[White "Rosh Jain"]
[Black "Floresvillar Gonzalez, Luis Migu"]
[WhiteFideId "25789465"]
[BlackFideId "5100542"]
[WhiteElo "2248"]
[BlackElo "2043"]
[Result "1-0"]
[Round "10"]
[TimeControl "180+2"]
[Date "2023.01.17"]
[WhiteClock "0:00:08"]
[BlackClock "0:00:15"]

1. e4 c6 2. Nc3 d5 3. Nf3 Bg4 4. h3 Bh5 5. exd5 cxd5 6. Bb5+ Nc6 7. g4 Bg6 8. Ne5 Rc8 9. d4 e6 10. h4 f6 11. Nxg6 hxg6 12. Qd3 Ne7 13. Be3 Qd6 14. O-O-O a6 15. Bxc6+ Rxc6 16. Ne2 b5 17. Nf4 Kf7 18. Bd2 b4 19. Rde1 Qb8 20. h5 gxh5 21. gxh5 Rh6 22. Ng6 Nxg6 23. Bxh6 Nf4 24. Bxf4 Qxf4+ 25. Kb1 Qxf2 26. Rhf1 Qh4 27. Qg6+ Ke7 28. h6 Qxh6 29. Qg2 Qh7 30. Re2 Kf7 31. Rfe1 a5 32. b3 a4 33. bxa4 Ra6 34. Qg4 Qf5 35. Qxf5 exf5 36. Re8 g5 37. Rd8 f4 38. Rxd5 Rxa4 39. Rd7+ Kg6 40. d5 Ra5 41. Rd8 Bc5 42. d6 Ra6 43. d7 Rd6 44. Rg8+ Kf5 45. d8=Q Rxd8 46. Rxd8 g4 47. Rd5+ Kg6 48. Rxc5 g3 49. Rd5 f5 50. Rd3 Kg5 51. Rf1 Kg4 52. Rdf3 g2 53. Rxf4+ Kg3 54. Rxf5 gxf1=Q+ 55. Rxf1 Kg2 56. Rf4 Kg3 57. Rxb4 Kf3 58. a4 Ke3 59. a5 Kd2 60. a6 Kc3 61. Rb3+ Kd2 62. a7 Ke2 63. a8=Q Kf2 64. Qe4 Kf1 65. Rf3+ Kg2 66. Qg4+ Kh2 67. Rh3# 1-0


[Site "https://www.chess.com"]

[Event "Titled Tuesday Blitz January 17 Late 2023"]
[White "ritanovikova"]
[Black "Harish, Neeraj"]
[BlackFideId "30958130"]
[WhiteElo "2148"]
[BlackElo "2232"]
[Result "0-1"]
[Round "10"]
[TimeControl "180+2"]
[Date "2023.01.17"]
[WhiteClock "0:00:47"]
[BlackClock "0:01:38"]

1. e4 c5 2. Nc3 Nc6 3. d3 g6 4. g3 Bg7 5. Bg2 d6 6. Be3 e5 7. Qd2 Nd4 8. Nd1 Ne7 9. c3 Ne6 10. Bh6 Bxh6 11. Qxh6 f5 12. h4 f4 13. gxf4 Ng8 14. Qg5 Nxg5 15. hxg5 exf4 16. Ne2 Qxg5 17. Bf3 Nf6 18. c4 Bg4 19. Bxg4 Qxg4 20. Ndc3 O-O-O 21. O-O-O f3 22. Ng3 h5 23. Rhg1 Qf4+ 24. Kc2 h4 25. Nf1 h3 26. Ne3 h2 27. Rh1 Ng4 28. Ned5 Qe5 29. Rd2 g5 30. Nb5 Kb8 31. a4 Nf6 32. Ne3 g4 33. Nf1 Nh5 34. Nc3 g3 35. fxg3 Nxg3 36. Nxg3 Qxg3 37. Nd1 Qg1 38. Nf2 Rdg8 39. b4 Rg2 0-1


[Site "https://www.chess.com"]

[Event "Titled Tuesday Blitz January 17 Late 2023"]
[White "Fajdetic, Hrvoje"]
[Black "Smith, Garrett L"]
[WhiteFideId "14501945"]
[BlackFideId "2024829"]
[WhiteElo "2151"]
[BlackElo "2047"]
[Result "1-0"]
[Round "10"]
[TimeControl "180+2"]
[Date "2023.01.17"]
[WhiteClock "0:00:16"]
[BlackClock "0:00:16"]

1. f4 c5 2. e4 Nc6 3. Nf3 e6 4. d3 Nge7 5. Be2 g6 6. O-O Bg7 7. Qe1 Nd4 8. Bd1 Nxf3+ 9. Rxf3 d5 10. Nc3 b6 11. Rh3 Bb7 12. f5 gxf5 13. Qg3 Bd4+ 14. Kh1 dxe4 15. Bg5 Bxc3 16. bxc3 exd3 17. cxd3 Rg8 18. Ba4+ Nc6 19. Bxd8 Rxg3 20. Rxg3 Rxd8 21. Rg8+ Ke7 22. Rxd8 Nxd8 23. Kg1 Nc6 24. Bxc6 Bxc6 25. Kf2 Kd6 26. g3 c4 27. d4 Kd5 28. Ke3 b5 29. a3 a5 30. Rf1 Bd7 31. Rf4 e5 32. dxe5 Kxe5 33. Rh4 Bc6 34. Rxh7 Kf6 35. Rh6+ 1-0


[Site "https://www.chess.com"]

[Event "Titled Tuesday Blitz January 17 Late 2023"]
[White "Stanisz, Patryk"]
[Black "Stead, Kerry"]
[WhiteFideId "1123106"]
[BlackFideId "3202577"]
[WhiteElo "2161"]
[BlackElo "1908"]
[Result "0-1"]
[Round "10"]
[TimeControl "180+2"]
[Date "2023.01.17"]
[WhiteClock "0:00:03"]
[BlackClock "0:00:01"]

1. Nf3 c5 2. e4 Nc6 3. d4 cxd4 4. Nxd4 Nf6 5. Nc3 d6 6. Be2 g6 7. Be3 Bg7 8. O-O O-O 9. f3 Bd7 10. Qd2 Rc8 11. Nxc6 Bxc6 12. a4 a6 13. a5 Nd7 14. Rfd1 Qc7 15. Ra2 Rfd8 16. Bg5 Nc5 17. Bc4 Ne6 18. Bxe6 fxe6 19. Be3 Rf8 20. Ne2 e5 21. c3 Qd7 22. b3 e6 23. c4 d5 24. exd5 exd5 25. cxd5 Bb5 26. Nc3 Rf5 27. Ne4 Re8 28. Rc2 h5 29. d6 Bc6 30. Qb4 Kh7 31. Ng5+ Kh8 32. h4 e4 33. fxe4 Rfe5 34. Qc4 Rf8 35. Rf2 Rxf2 36. Bxf2 Qg4 37. Nf7+ Kh7 38. Re1 Rxe4 39. Ng5+ Kh8 40. Nxe4 Be5 41. Ng5 Qxg2# 0-1


[Site "https://www.chess.com"]

[Event "Titled Tuesday Blitz January 17 Late 2023"]
[White "Curtis, John"]
[Black "Thiel, Thomas"]
[WhiteFideId "3200256"]
[BlackFideId "4615964"]
[WhiteElo "2292"]
[BlackElo "2234"]
[Result "1-0"]
[Round "10"]
[TimeControl "180+2"]
[Date "2023.01.17"]
[WhiteClock "0:00:32"]
[BlackClock "0:00:02"]

1. e4 d5 2. exd5 Nf6 3. Bb5+ Nbd7 4. c4 a6 5. Bxd7+ Qxd7 6. d4 b5 7. b3 bxc4 8. bxc4 c6 9. Nf3 cxd5 10. Ne5 Qc7 11. c5 e6 12. Bf4 Qa5+ 13. Qd2 Qxd2+ 14. Nxd2 Nd7 15. Rb1 Nxe5 16. Bxe5 Bd7 17. O-O f6 18. Bg3 h5 19. Rb6 h4 20. Bd6 Kf7 21. Rfb1 Bb5 22. Bxf8 Rhxf8 23. Rb4 Rfc8 24. a4 Bc6 25. a5 Bb5 26. f4 Ra7 27. Nf3 Rh8 28. Kf2 Rh5 29. Ke3 Ke7 30. Rb8 Rc7 31. Rb6 Kf7 32. g4 hxg3 33. hxg3 Rh1 34. g4 Ra1 35. R4xb5 axb5 36. Rxb5 Ra7 37. f5 R1xa5 38. Rb6 Re7 39. Kf4 Ra4 40. g5 e5+ 41. Kg4 exd4 42. g6+ Kf8 43. Rd6 d3+ 44. Kg3 Re5 45. Nxe5 fxe5 46. c6 Rc4 47. Rxd5 e4 48. Kf4 Rxc6 49. Kxe4 Ke7 50. Rxd3 Kf6 51. Rd4 Rb6 52. Kf4 Rc6 53. Re4 Rb6 54. Rd4 Rc6 55. Rd7 1-0


[Site "https://www.chess.com"]

[Event "Titled Tuesday Blitz January 17 Late 2023"]
[White "Souza, Gustavo Horokoski De"]
[Black "Sabar, Ethmane Daouda"]
[WhiteFideId "2146584"]
[BlackFideId "19600097"]
[WhiteElo "1943"]
[BlackElo "2040"]
[Result "1-0"]
[Round "10"]
[TimeControl "180+2"]
[Date "2023.01.17"]
[WhiteClock "0:00:04"]
[BlackClock "0:00:02"]

1. d4 d5 2. c4 e6 3. Nc3 c6 4. e4 dxe4 5. Nxe4 Bb4+ 6. Bd2 Qxd4 7. Bxb4 Qxe4+ 8. Be2 Qxg2 9. Bf3 Qg5 10. Qd6 Nd7 11. Ne2 c5 12. Bc3 Ngf6 13. Rg1 Qf5 14. Rg3 Ne4 15. Bxe4 Qxe4 16. Bxg7 Rg8 17. Rd1 Qh1+ 18. Ng1 Qe4+ 19. Ne2 Qh1+ 20. Rg1 Qc6 21. Qf4 b6 22. Rd6 Qa4 23. Rd2 Bb7 24. Nc3 Qc6 25. Nd5 exd5 26. Re2+ Kd8 27. cxd5 Qxd5 28. Bf6+ Nxf6 29. Qxf6+ 1-0


[Site "https://www.chess.com"]

[Event "Titled Tuesday Blitz January 17 Late 2023"]
[White "Adithya A Chullikkad"]
[Black "Papp, Petra"]
[WhiteFideId "45078734"]
[BlackFideId "739049"]
[WhiteElo "2259"]
[BlackElo "2343"]
[Result "1/2-1/2"]
[Round "10"]
[TimeControl "180+2"]
[Date "2023.01.17"]
[WhiteClock "0:00:23"]
[BlackClock "0:00:05"]

1. d4 Nf6 2. Bf4 g6 3. e3 Bg7 4. h3 O-O 5. c3 d5 6. Bd3 c5 7. Nd2 Nc6 8. Ngf3 Nd7 9. O-O e5 10. dxe5 Ndxe5 11. Nxe5 Nxe5 12. Be2 b6 13. Nf3 Re8 14. Nxe5 Bxe5 15. Bxe5 Rxe5 16. Bf3 Bb7 17. Qc2 Qc7 18. Rad1 Rd8 19. Rd2 Rg5 20. h4 Re5 21. Rfd1 Qe7 22. g3 Qe6 23. c4 Qf6 24. Bxd5 Bxd5 25. Rxd5 Rdxd5 26. Rxd5 Re7 27. Qd2 Qf3 28. Qc3 Re8 29. Rd7 a5 30. Rd6 Qb7 31. Qf6 b5 32. Rb6 Qe4 33. Rxb5 Qxc4 34. Rb7 Qxa2 35. b3 Qb1+ 36. Kh2 Rf8 37. h5 gxh5 38. Re7 Qg6 39. Qh4 Rd8 40. Re5 Rd2 41. Rg5 Rxf2+ 42. Kg1 Rf6 43. Qxh5 Kh8 44. Rxg6 Rxg6 45. Qxc5 Rxg3+ 46. Kf2 Rg6 47. Qxa5 Rf6+ 48. Ke2 Re6 49. Qc3+ Kg8 50. b4 h5 51. b5 h4 52. Qd4 h3 53. Qg4+ Rg6 54. Qxh3 f5 55. Qxf5 Rg7 56. b6 Rf7 57. Qe6 Kg7 58. Qxf7+ Kh8 59. b7 1/2-1/2


[Site "https://www.chess.com"]

[Event "Titled Tuesday Blitz January 17 Late 2023"]
[White "Coe, William"]
[Black "Michalski, Olaf"]
[WhiteFideId "30913624"]
[BlackFideId "1106740"]
[WhiteElo "2078"]
[BlackElo "2273"]
[Result "0-1"]
[Round "10"]
[TimeControl "180+2"]
[Date "2023.01.17"]
[WhiteClock "0:02:06"]
[BlackClock "0:02:36"]

1. e4 c5 2. Nf3 a6 3. d4 cxd4 4. Nxd4 Nf6 5. Nc3 e5 6. Nf3 Bb4 7. Qe2 Bxc3+ 8. bxc3 Qc7 9. Bd2 O-O 10. g3 d5 11. exd5 Nxd5 12. Bg2 Nxc3 13. Bxc3 Qxc3+ 0-1


[Site "https://www.chess.com"]

[Event "Titled Tuesday Blitz January 17 Late 2023"]
[White "Corredor Castellanos, Camilo"]
[Black "Vargas, Mauricio"]
[WhiteFideId "4425871"]
[BlackFideId "4404572"]
[WhiteElo "1957"]
[BlackElo "2035"]
[Result "1-0"]
[Round "10"]
[TimeControl "180+2"]
[Date "2023.01.17"]
[WhiteClock "0:00:55"]
[BlackClock "0:00:02"]

1. d4 d5 2. c4 c6 3. Nf3 e6 4. e3 Nf6 5. b3 Nbd7 6. Bb2 Bd6 7. Nc3 O-O 8. Bd3 Re8 9. e4 dxe4 10. Nxe4 Nxe4 11. Bxe4 Nf6 12. Bc2 Qa5+ 13. Kf1 Qh5 14. Ne5 Qh4 15. Nf3 Qh5 16. Ne5 Qh4 17. Qf3 c5 18. Rd1 cxd4 19. Rxd4 Bc5 20. Rxh4 Rb8 21. Rxh7 b5 22. Qxf6 gxf6 23. Ng4 1-0


[Site "https://www.chess.com"]